[Event "Goteborg Open 2018"]
[Site "Molnlycke kulturhus, Biblioteksgatan 2, Molnlycke, Sweden"]
[Date "2018.08.17"]
[Round "3.4"]
[White "Al Waeli, Laith"]
[Black "Rydstrom, Tom"]
[Result "0-1"]
[TimeControl "15 minutes + 5 seconds per move from move one (Round 1 - 4) / 90 minutes + 30 seconds per move from move one (Round 5 - 8)"]
[WhiteTitle "FM"]
[BlackTitle "FM"]
[WhiteFideId "4801059"]
[BlackFideId "1714830"]
[WhiteElo "2084"]
[BlackElo "2316"]

1. d4 g6 2. Nf3 Bg7 3. g3 d6 4. Bg2 Nd7 5. O-O e5 6. e4 Ne7 7. Nc3 O-O 8. Re1 h6 9. a4 a5 10.
dxe5 dxe5 11. Nd5 c6 12. Ne3 Nc5 13. Qxd8 Rxd8 14. Nc4 f6 15. Be3 Ne6 16. Bb6 Rf8 17. Rad1 c5 18. Bxa5 Nc6 19.
Bc3 Rxa4 20. Nb6 Ra6 21. Nxc8 Rxc8 22. Bh3 Ncd4 23. Bxd4 cxd4 24. c3 dxc3 25. bxc3 Rxc3 26. Nh4 Nd4 27. Kg2 Kf7 28. Rb1 b5 29.
Ra1 Ra4 30. Reb1 Nb3 31. Rxa4 bxa4 32.
Bd7 a3 33. Ba4 a2 34. Bxb3+ Rxb3 35. Ra1 Ra3 36. Nf3 Bf8 37. Ne1 Bb4 38. Nc2 Bc3 39. Rc1 Bb2 40. Rd1 a1=Q 41. Nxa1 Bxa1 42.
Rd2 Bd4 43. g4 Rb3 44. f3 Rb2 45. Rxb2 Bxb2 46. h3 Ke6 47. h4 h5 48. Kh3 Kd6 49. Kg3 Bc1 50. Kg2 Kc5 51. Kf2 Kd4 52. Ke2 hxg4 53. fxg4 Kxe4 0-1

[Event "Goteborg Open 2018"]
[Site "Molnlycke kulturhus, Biblioteksgatan 2, Molnlycke, Sweden"]
[Date "2018.08.17"]
[Round "3.5"]
[White "Wellevit, Tomas"]
[Black "Lundstrom, Mattias"]
[Result "1-0"]
[TimeControl "15 minutes + 5 seconds per move from move one (Round 1 - 4) / 90 minutes + 30 seconds per move from move one (Round 5 - 8)"]
[WhiteFideId "1731963"]
[BlackFideId "1703536"]
[WhiteElo "1905"]
[BlackElo "2163"]

1. e4 c5 2. Nf3 d6 3. Bc4 Nf6 4.
d3 e6 5.
O-O Be7 6. Nc3 O-O 7. Ne2 d5 8. exd5 exd5 9. Bb3 Bg4 10. Ng3 h6 11. h3 Be6 12. c3 Qc7 13. Re1 Nc6 14. Nh4 Bd6 15.
Nhf5 Bf4 16. Qf3 Bxc1 17. Raxc1 Rac8 18. Nxh6+ Kh7 19. Nhf5 Ne5 20. Qe2 Ng6 21. d4 Qf4 22. Bc2 Rfe8 23.
Nh5 Qg5 24. Nxf6+ Qxf6 25. Qh5+ Kg8 26. Nd6 cxd4 27. Nxc8 Rxc8 28. cxd4 Qf4 29. g3 Qd2 30. Red1 Qh6 31. Qxh6 gxh6 32. Bxg6 fxg6 33. Rxc8+ Bxc8 34. Kg2 Bd7 35. Re1 Kf7 36.
Re5 Be6 37. f4 Kf6 38. g4 h5 39. Kf3 hxg4+ 40. hxg4 a6 41. a4 b6 42. b4 Bf7 43. a5 bxa5 44. bxa5 Be6 45. Kg3 Bf7 46. Kh4 Be6 47. Kg3 Bf7 48. Kh3 Be6 49. Kh4 Bf7 50. g5+ Kg7 51. f5 gxf5 52. Rxf5 1-0

[Event "Goteborg Open 2018"]
[Site "Molnlycke kulturhus, Biblioteksgatan 2, Molnlycke, Sweden"]
[Date "2018.08.17"]
[Round "3.6"]
[White "Strom-Engdahl, Alexander"]
[Black "Maddens, Martijn"]
[Result "0-1"]
[TimeControl "15 minutes + 5 seconds per move from move one (Round 1 - 4) / 90 minutes + 30 seconds per move from move one (Round 5 - 8)"]
[BlackTitle "CM"]
[WhiteFideId "1741586"]
[BlackFideId "206962"]
[WhiteElo "1747"]
[BlackElo "2141"]

1. c4 f5 2. g3 Nf6 3. Bg2 g6 4. Nc3 Bg7 5. d4 d6 6. Nf3 O-O 7. O-O Qe8 8. Bg5 Na6 9. Bxf6 Bxf6 10.
e3 e5 11. Qb3 Rb8 12. Nd5 Bg7 13. Rad1 Bd7 14. c5 Be6 15. Ng5 c6 16. Nxe6 Qxe6 17. cxd6 Kh8 18. Nc7 Qxb3 19. axb3 Nxc7 20.
dxc7 Rbc8 21. d5 Rxc7 22. dxc6 bxc6 23. e4 Bh6 24. Rd6 f4 25. Re6 Bg7 26. Rc1 c5 27. b4 c4 28. Bf1 Rfc8 29. Ra6 Bf8 30. b5 fxg3 31.
hxg3 Bc5 32. Ra4 Rf8 33. Raxc4 Bxf2+ 34. Kg2 Rcf7 35. Rc7 Bd4 36. Rxf7 Rxf7 37. Rc2 Kg7 38. b3 g5 39. Bc4 Rf6 40. Bd5 g4 41. Rd2 h5 42. Rc2 Kg6 43. Rd2 Kg5 44.
Re2 h4 45. gxh4+ Kxh4 46. Kh2 g3+ 47.
Kg2 Kg4 48. Bc6 Rh6 49. Bd7+ Kf4 50. Bh3 Rg6 51. Bf5 Rh6 52.
Bh3 Bf2 53. b4 Rd6 54. Bf5 Rd1 55. Rxf2+ gxf2 56. Kxf2 Rb1 57. Be6 Rxb4 58. Bd5 Rxb5 59.
Ke2 Rb4 60. Kd3 Rd4+ 61. Kc3 Rxe4 0-1

[Event "Goteborg Open 2018"]
[Site "Molnlycke kulturhus, Biblioteksgatan 2, Molnlycke, Sweden"]
[Date "2018.08.17"]
[Round "3.7"]
[White "Lacko, Pavel"]
[Black "Johansson, Roy"]
[Result "1/2-1/2"]
[TimeControl "15 minutes + 5 seconds per move from move one (Round 1 - 4) / 90 minutes + 30 seconds per move from move one (Round 5 - 8)"]
[WhiteFideId "1701274"]
[BlackFideId "1745972"]
[WhiteElo "2209"]
[BlackElo "1889"]

1. d4 f5 2. Nf3 Nf6 3. g3 g6 4. c4 Bg7 5. Bg2 O-O 6. O-O d6 7. Nc3 Nc6 8. d5 Ne5 9. Nxe5 dxe5 10.
Rb1 e6 11. Bg5 exd5 12. Nxd5 c6 13. Nxf6+ Bxf6 14. Qxd8 Bxd8 15. Bh6 Re8 16. b4 Be6 17. b5 cxb5 18. Bxb7 Rb8 19. Bc6 Re7 20.
cxb5 Bxa2 21. Rb2 Bf7 22. Rd1 Rc7 23. Rbd2 Bf6 24. Rd6 Be7 25. Rd7 Rxd7 26. Rxd7 Bc5 27. Kg2 Rc8 28. Bg5 Be6 29.
Rd8+ Rxd8 30. Bxd8 1/2-1/2

[Event "Goteborg Open 2018"]
[Site "Molnlycke kulturhus, Biblioteksgatan 2, Molnlycke, Sweden"]
[Date "2018.08.17"]
[Round "3.8"]
[White "Subramanian, Aditya"]
[Black "Ottgard, Andreas"]
[Result "1-0"]
[TimeControl "15 minutes + 5 seconds per move from move one (Round 1 - 4) / 90 minutes + 30 seconds per move from move one (Round 5 - 8)"]
[WhiteFideId "1718924"]
[BlackFideId "1730592"]
[WhiteElo "2151"]
[BlackElo "1871"]

1. c4 Nf6 2. Nc3 g6 3. Nf3 Bg7 4. d4 d6 5. g3 O-O 6. Bg2 Nc6 7. Bf4 Nd7 8. Be3 e5 9. O-O exd4 10. Nxd4 Nde5 11. Nxc6 bxc6 12. c5 Rb8 13.
b3 d5 14. Bd4 Qe7 15. Qd2 Nd7 16. b4 Ba6 17. Rfe1 Bxd4 18. Qxd4 Qe5 19. Rad1 Rfe8 20. a3 Bc4 21. e4 Qxd4 22.
Rxd4 Nf6 23. Red1 a5 24. bxa5 Rb3 25. Rc1 Rxa3 26. exd5 Rxc3 27. Rxc4 Rxc4 28. Rxc4 Re1+ 29. Bf1 Ne4 30.
Rd4 Nxc5 31. dxc6 Ra1 32. a6 1-0

[Event "Goteborg Open 2018"]
[Site "Molnlycke kulturhus, Biblioteksgatan 2, Molnlycke, Sweden"]
[Date "2018.08.17"]
[Round "3.9"]
[White "Petersson, Baldur Teodor"]
[Black "Andersson, Stig"]
[Result "1-0"]
[TimeControl "15 minutes + 5 seconds per move from move one (Round 1 - 4) / 90 minutes + 30 seconds per move from move one (Round 5 - 8)"]
[WhiteTitle "CM"]
[WhiteFideId "2309157"]
[BlackFideId "1731971"]
[WhiteElo "2138"]
[BlackElo "1865"]

1. e4 d6 2. Nc3 g6 3. g3 Bg7 4. Bg2 Nf6 5. d3 O-O 6. f4 c6 7. Nf3 Nbd7 8. O-O e5 9. h3 exf4 10.
Bxf4 Qb6+ 11. Kh2 Qxb2 12. Qd2 Qa3 13. d4 Nb6 14. Rab1 Nc4 15. Qd3 Qa6 16. g4 Ne8 17. Rb4 b5 18. a4 Rb8 19. Rfb1 Bd7 20. axb5 cxb5 21.
Nxb5 Bxb5 22. Rxb5 Rxb5 23. Qxc4 Rb6 24. Qxa6 Rxa6 25. c4 Nc7 26. c5 Ne6 27. Bxd6 Rc8 28. Rb4 Bf8 29. e5 Nf4 30. Bf1 Ra2+ 31.
Kg3 Nd5 32. Rb7 Ne3 33. Bd3 Bh6 34.
g5 Bf8 35. Be4 a5 36. c6 h5 37. c7 Nf1+ 38. Kf4 Nd2 39. Nxd2 Rxd2 40. Rb8 1-0

[Event "Goteborg Open 2018"]
[Site "Molnlycke kulturhus, Biblioteksgatan 2, Molnlycke, Sweden"]
[Date "2018.08.17"]
[Round "3.10"]
[White "Knutsson, Hakan"]
[Black "Bengtsson, Siv"]
[Result "1-0"]
[TimeControl "15 minutes + 5 seconds per move from move one (Round 1 - 4) / 90 minutes + 30 seconds per move from move one (Round 5 - 8)"]
[WhiteFideId "1706810"]
[BlackFideId "1701673"]
[WhiteElo "1836"]
[BlackElo "2115"]

1. e4 c5 2. Nf3 Nc6 3. d4 cxd4 4. Nxd4 Nf6 5. Nc3 e5 6. Ndb5 d6 7. Bg5 a6 8. Na3 b5 9. Nd5 Be7 10.
Bxf6 Bxf6 11. c3 O-O 12. Nc2 Bg5 13. a4 bxa4 14. Rxa4 a5 15. Bb5 Ne7 16. Ncb4 Bb7 17. Nxe7+ Qxe7 18.
Nd5 Qd8 19. O-O f5 20. exf5 Rxf5 21. Bc4 Kh8 22. Ne3 Bxe3 23. fxe3 Rxf1+ 24. Qxf1 d5 25. Ba2 e4 26. Rd4 Qg5 27.
Qf4 Qh5 28. g4 Qh4 29. Bxd5 Qe1+ 30. Kg2 Qe2+ 31. Kh3 Bxd5 32. Rxd5 Qxb2 33. Rxa5 Rd8 34. Qxe4 Qxc3 35. Ra8 Qxe3+ 36. Qxe3 Rxa8 37. Qe7 h6 38.
Kg3 Rb8 39. h4 Kh7 40. Kf4 Rg8 41. g5 hxg5+ 42. hxg5 Rb8 43. Qe4+ Kh8 44. g6 Rf8+ 45. Kg5 Re8 1-0

[Event "Goteborg Open 2018"]
[Site "Molnlycke kulturhus, Biblioteksgatan 2, Molnlycke, Sweden"]
[Date "2018.08.17"]
[Round "4.1"]
[White "Rydstrom, Tom"]
[Black "Golubka, Petro"]
[Result "0-1"]
[TimeControl "15 minutes + 5 seconds per move from move one (Round 1 - 4) / 90 minutes + 30 seconds per move from move one (Round 5 - 8)"]
[WhiteTitle "FM"]
[BlackTitle "IM"]
[WhiteFideId "1714830"]
[BlackFideId "14114224"]
[WhiteElo "2316"]
[BlackElo "2478"]

1. e4 e5 2. Nf3 Nc6 3. Bb5 a6 4. Ba4 Nf6 5. d3 d6 6. c3 b5 7. Bb3 Be7 8. Nbd2 O-O 9.
Nf1 Na5 10. Bc2 c5 11. Ng3 Re8 12. O-O Bf8 13. Re1 Nc6 14. a4 b4 15.
h3 h6 16. Be3 Rb8 17. d4 exd4 18. cxd4 c4 19. d5 Na5 20. Rc1 Bd7 21. Bb1 b3 22. Bd2 Rc8 23. Bc3 Bxa4 24. Nd4 Nb7 25.
Qf3 Re5 26. Ndf5 g6 27. Bxe5 dxe5 28. Ne3 Nd6 29. Ne2 Bg7 30. Nc3 Bb5 31. Qg3 Qe7 32. Ng4 Nxg4 33. Qxg4 h5 34. Qf3 Bh6 35. Rcd1 Kg7 36. g3 Bd7 37.
Qg2 h4 38. Rf1 hxg3 39. fxg3 Be3+ 40. Kh2 Rh8 41. g4 Qg5 42. Rf3 Bd4 43. Rg3 a5 44. Rf1 a4 45. Rgf3 Qxg4 46. Rg3 Qh5 47. Rff3 Qh6 48. Rf1 Be3 49.
Ne2 c3 50. Nxc3 Bf4 51. Rxf4 Qxf4 52.
Ne2 Qd2 53. Ng1 Qxg2+ 54. Kxg2 Rc8 55. Ne2 Nc4 56. Rc3 0-1

[Event "Goteborg Open 2018"]
[Site "Molnlycke kulturhus, Biblioteksgatan 2, Molnlycke, Sweden"]
[Date "2018.08.17"]
[Round "4.2"]
[White "Gritsak, Orest"]
[Black "Wellevit, Tomas"]
[Result "1-0"]
[TimeControl "15 minutes + 5 seconds per move from move one (Round 1 - 4) / 90 minutes + 30 seconds per move from move one (Round 5 - 8)"]
[WhiteTitle "GM"]
[WhiteFideId "14102188"]
[BlackFideId "1731963"]
[WhiteElo "2464"]
[BlackElo "1905"]

1. Nf3 d5 2. d4 Nf6 3. c4 e6 4. Nc3 Be7 5. Bg5 c6 6. e3 Ne4 7. Bxe7 Qxe7 8. Nxe4 dxe4 9. Nd2 f5 10.
Qh5+ g6 11. Qh6 Nd7 12. Be2 e5 13. h4 exd4 14. exd4 Nf6 15. h5 Ng8 16. Qe3 g5 17. g4 h6 18. gxf5 Bxf5 19. f3 exf3 20.
Qxf3 Be6 21. d5 Bd7 22. Ne4 Qb4+ 23. Qc3 Qxc3+ 24. bxc3 O-O-O 25. Nd6+ Kc7 26. Nf7 Nf6 27. Nxh8 Rxh8 28.
O-O Ne4 29. Rf7 Kc8 30. Bd3 Ng3 31. Re1 Nxh5 32. Ree7 Rd8 33. Rxd7 1-0

[Event "Goteborg Open 2018"]
[Site "Molnlycke kulturhus, Biblioteksgatan 2, Molnlycke, Sweden"]
[Date "2018.08.17"]
[Round "4.3"]
[White "Maddens, Martijn"]
[Black "Vypkhaniuk, Ihor"]
[Result "0-1"]
[TimeControl "15 minutes + 5 seconds per move from move one (Round 1 - 4) / 90 minutes + 30 seconds per move from move one (Round 5 - 8)"]
[WhiteTitle "CM"]
[BlackTitle "FM"]
[WhiteFideId "206962"]
[BlackFideId "14112256"]
[WhiteElo "2141"]
[BlackElo "2357"]

1. e4 c5 2. c3 d6 3. d4 Nf6 4. Bd3 g6 5. Ne2 Bg7 6. O-O O-O 7. Nd2 cxd4 8. cxd4 Nc6 9. Nc4 d5 10. exd5 Nxd5 11. Be4 Bg4 12.
f3 Be6 13. Ne3 Qd7 14. Nxd5 Bxd5 15. Bxd5 Qxd5 16. Be3 Rfd8 17. Re1 e6 18. Nc3 Qa5 19. Ne2 Rd7 20. Qb3 Qb4 21. Red1 a6 22. Rd3 h6 23. Rad1 Rad8 24.
a3 Qxb3 25. Rxb3 Na5 26. Rc3 e5 27. Rc5 b6 28. Rcc1 exd4 29. Bd2 Nb3 30. Rc6 a5 31. Rxb6 d3 32. Nc1 Nxd2 33. Rxd2 Bd4+ 0-1

[Event "Goteborg Open 2018"]
[Site "Molnlycke kulturhus, Biblioteksgatan 2, Molnlycke, Sweden"]
[Date "2018.08.17"]
[Round "4.4"]
[White "Lundstrom, Mattias"]
[Black "Bengtsson, Jessica"]
[Result "0-1"]
[TimeControl "15 minutes + 5 seconds per move from move one (Round 1 - 4) / 90 minutes + 30 seconds per move from move one (Round 5 - 8)"]
[WhiteFideId "1703536"]
[BlackFideId "1711083"]
[WhiteElo "2163"]
[BlackElo "1978"]

1. e4 c5 2. Nc3 Nc6 3. f4 g6 4. Nf3 Bg7 5. Bb5 Nd4 6. O-O Nxb5 7. Nxb5 d5 8. d3 a6 9. Nc3 d4 10.
Ne2 Nf6 11. c3 dxc3 12. bxc3 O-O 13. Qc2 b5 14. Be3 Qc7 15. h3 Bb7 16. e5 Nd5 17. Bd2 Rfd8 18. Rac1 Qb6 19. Rb1 Qc6 20.
Rfc1 Rac8 21. Qb2 Nb6 22. c4 Rxd3 23. cxb5 axb5 24. Ned4 Rxd4 0-1

[Event "Goteborg Open 2018"]
[Site "Molnlycke kulturhus, Biblioteksgatan 2, Molnlycke, Sweden"]
[Date "2018.08.17"]
[Round "4.5"]
[White "Bengtsson, Tage"]
[Black "Subramanian, Aditya"]
[Result "1-0"]
[TimeControl "15 minutes + 5 seconds per move from move one (Round 1 - 4) / 90 minutes + 30 seconds per move from move one (Round 5 - 8)"]
[WhiteFideId "1713850"]
[BlackFideId "1718924"]
[WhiteElo "2001"]
[BlackElo "2151"]

1. d4 Nf6 2. c4 e6 3. Nc3 Bb4 4.
Nf3 O-O 5. g3 d5 6. Bg2 c6 7. O-O b6 8. Ne5 Nfd7 9. cxd5 Nxe5 10. dxe5 Bxc3 11. dxc6 Qc7 12. bxc3 Ba6 13. Ba3 Nxc6 14.
Bxf8 Rxf8 15. Qa4 Bb7 16. f4 Na5 17. Bxb7 Qxb7 18. Rfd1 Qc7 19. Qd4 Nc4 20. h4 h6 21. Rd3 Rc8 22.
g4 Qe7 23. g5 Kh8 24. Kh2 Qa3 25. Rg1 Qxa2 26. gxh6 g6 27. Qd7 Rf8 28. Rxg6 Qxe2+ 29. Rg2 Qe4 30. Qd4 Qe1 31. Qxc4 Qxh4+ 32. Rh3 1-0

[Event "Goteborg Open 2018"]
[Site "Molnlycke kulturhus, Biblioteksgatan 2, Molnlycke, Sweden"]
[Date "2018.08.17"]
[Round "4.6"]
[White "Westerlund, Ola"]
[Black "Petersson, Baldur Teodor"]
[Result "0-1"]
[TimeControl "15 minutes + 5 seconds per move from move one (Round 1 - 4) / 90 minutes + 30 seconds per move from move one (Round 5 - 8)"]
[BlackTitle "CM"]
[WhiteFideId "1712101"]
[BlackFideId "2309157"]
[WhiteElo "1923"]
[BlackElo "2138"]

1. d4 Nf6 2. c4 g6 3. Nf3 Bg7 4.
g3 d6 5.
Bg2 O-O 6. O-O c5 7. d5 a6 8. Nc3 Nbd7 9. h3 Rb8 10. a4 b6 11. Qc2 Qc7 12. e4 e5 13. Ne1 Nh5 14. Qe2 Bh8 15.
Bh6 Ng7 16. f4 f5 17. Nd3 exf4 18. Nxf4 Ne5 19. Ne6 Nxe6 20. dxe6 Bxe6 21. Bxf8 Bxc4 22. Qd2 Rxf8 23. Rfd1 Nd3 24. b3 Bd4+ 25. Kh2 Qg7 26. bxc4 Bxc3 27. Qxd3 Bxa1 28. Qxd6 Be5 29. Qe6+ Kh8 30. Rd7 Qf6 31. exf5 Qxf5 32. Qe7 Bxg3+ 0-1

[Event "Goteborg Open 2018"]
[Site "Molnlycke kulturhus, Biblioteksgatan 2, Molnlycke, Sweden"]
[Date "2018.08.17"]
[Round "4.7"]
[White "Eriksson, Kristian"]
[Black "Degerfeldt, Sven"]
[Result "1-0"]
[TimeControl "15 minutes + 5 seconds per move from move one (Round 1 - 4) / 90 minutes + 30 seconds per move from move one (Round 5 - 8)"]
[WhiteFideId "1705172"]
[BlackFideId "1717430"]
[WhiteElo "2097"]
[BlackElo "1954"]

1. e4 c5 2. Nc3 e6 3. Nf3 Nc6 4. d4 cxd4 5. Nxd4 Qc7 6. Be2 a6 7. O-O b5 8. a3 Bb7 9. Be3 Nf6 10.
f4 d6 11. Kh1 Be7 12. Bd3 O-O 13. Qf3 Rad8 14. Rae1 Nd7 15. Qh3 Nxd4 16. Bxd4 e5 17. Be3 Nc5 18. f5 f6 19. Qh5 Qd7 20.
Rf3 Qe8 21. Qh4 Nxd3 22. cxd3 Rf7 23. Rh3 h6 24. Ne2 Bf8 25. Ng3 d5 26. Qg4 Kh8 27. Nh5 Qe7 28. Qg6 dxe4 29. dxe4 Bxe4 30.
Rg3 Bxf5 31. Qxf5 g5 32. Rh3 Qd7 33. Qg6 Bg7 34. Nxg7 Rxg7 35. Qxh6+ Kg8 36. Rf1 Qd3 37. Qxf6 1-0

[Event "Goteborg Open 2018"]
[Site "Molnlycke kulturhus, Biblioteksgatan 2, Molnlycke, Sweden"]
[Date "2018.08.17"]
[Round "4.8"]
[White "Rasti, Arvin"]
[Black "Nilsson, Eskil"]
[Result "0-1"]
[TimeControl "15 minutes + 5 seconds per move from move one (Round 1 - 4) / 90 minutes + 30 seconds per move from move one (Round 5 - 8)"]
[WhiteFideId "1741160"]
[BlackFideId "1716220"]
[WhiteElo "2091"]
[BlackElo "1928"]

1. d4 Nf6 2. Bf4 g6 3. Nf3 Bg7 4.
e3 d6 5.
Be2 O-O 6. Nbd2 c5 7. c3 Nc6 8. O-O Bf5 9. h3 Rc8 10. Re1 Re8 11. Bh2 b6 12. Bb5 Ne4 13. Nxe4 Bxe4 14. d5 Bxf3 15.
Qxf3 Ne5 16. Bxe5 Bxe5 17. Bxe8 Qxe8 18. e4 c4 19. Qg4 Rb8 20. f4 Bg7 21. e5 Qb5 22. exd6 exd6 23. Re2 Qxd5 24.
Rae1 Bf6 25. Qd7 a5 26. Kh1 Kg7 27. Re8 Rxe8 28. Qxe8 Bh4 29. Qe4 Qd2 30. Re2 Qd1+ 31. Kh2 b5 32.
a3 Bf6 33. Qc2 Qd5 34. Qd2 Qc6 35. Qd1 b4 36. axb4 axb4 37. Qd2 bxc3 38. bxc3 Qc5 39. Qe3 Qc6 40. Rd2 Qa6 41. Qf3 Qa3 42. Qd5 Qxc3 43. Qxd6 Qe3 44.
Rc2 c3 45. Qb4 Bd4 46. Qb1 Qxf4+ 47. Kh1 Be5 48. Qg1 h5 49. g3 Qf3+ 50. Qg2 Qd1+ 51. Kh2 h4 52. Qe2 hxg3+ 53. Kg2 Qd5+ 54. Kf1 g2+ 55. Kg1 Bd4+ 56. Kh2 0-1

[Event "Goteborg Open 2018"]
[Site "Molnlycke kulturhus, Biblioteksgatan 2, Molnlycke, Sweden"]
[Date "2018.08.17"]
[Round "4.9"]
[White "Buzleta, Patrik"]
[Black "Kardell, Mathias"]
[Result "1/2-1/2"]
[TimeControl "15 minutes + 5 seconds per move from move one (Round 1 - 4) / 90 minutes + 30 seconds per move from move one (Round 5 - 8)"]
[WhiteFideId "1755463"]
[BlackFideId "1710109"]
[WhiteElo "1501"]
[BlackElo "2084"]

1. Nf3 d5 2. b3 Nf6 3. Bb2 Bf5 4. e3 e6 5. h3 Nbd7 6. a3 c5 7. d3 Bg6 8. Nbd2 Qc7 9. g3 Bd6 10.
Qe2 O-O 11. g4 e5 12. Nh4 e4 13. dxe4 Bxe4 14. Nxe4 Nxe4 15. O-O-O Nb6 16. Bg2 Be5 17. Bxe4 Bxb2+ 18. Kxb2 Qe5+ 19.
Ka2 dxe4 20. f4 exf3 21. Qxf3 c4 22. Nf5 cxb3+ 23. cxb3 Rac8 24. Rd2 Rc7 25. Rhd1 Qc3 26. Qe4 h6 27.
a4 a5 1/2-1/2

[Event "Goteborg Open 2018"]
[Site "Molnlycke kulturhus, Biblioteksgatan 2, Molnlycke, Sweden"]
[Date "2018.08.17"]
[Round "4.10"]
[White "Nyberg, Ulf"]
[Black "Knutsson, Hakan"]
[Result "0-1"]
[TimeControl "15 minutes + 5 seconds per move from move one (Round 1 - 4) / 90 minutes + 30 seconds per move from move one (Round 5 - 8)"]
[WhiteFideId "1705083"]
[BlackFideId "1706810"]
[WhiteElo "2084"]
[BlackElo "1836"]

1. e4 c5 2. a3 e6 3. b4 Qc7 4. bxc5 Bxc5 5. Nf3 Nf6 6. d4 Be7 7. Bd3 d6 8. O-O e5 9. Bb2 Nc6 10.
d5 Na5 11. c4 O-O 12. Nbd2 Bg4 13. h3 Bh5 14. Qa4 b6 15. Rfc1 Nb7 16. Be2 Nc5 17. Qc2 Bg6 18. Bd3 Nxd3 19.
Qxd3 Nd7 20. Qe3 Nc5 21. a4 f5 22. exf5 Bxf5 23. Ne1 Rf6 24. f4 exf4 25. Qxf4 Rf7 26. Qg3 Raf8 27. Nb3 Ne4 28. Qh2 Bh4 29.
Bd4 Bg3 30. Qh1 Be5 31. Bxe5 dxe5 0-1

[Event "Goteborg Open 2018"]
[Site "Molnlycke kulturhus, Biblioteksgatan 2, Molnlycke, Sweden"]
[Date "2018.08.18"]
[Round "5.1"]
[White "Golubka, Petro"]
[Black "Gritsak, Orest"]
[Result "1/2-1/2"]
[TimeControl "15 minutes + 5 seconds per move from move one (Round 1 - 4) / 90 minutes + 30 seconds per move from move one (Round 5 - 8)"]
[WhiteTitle "IM"]
[BlackTitle "GM"]
[WhiteFideId "14114224"]
[BlackFideId "14102188"]
[WhiteElo "2478"]
[BlackElo "2464"]

1. e4 c6 2. d4 d5 3. exd5 cxd5 4. c4 Nf6 5. Nc3 e6 6. Nf3 Bb4 7. Bd3 dxc4 8. Bxc4 O-O 9. O-O b6 10.
Qb3 Bxc3 11. Qxc3 Ba6 12. Bxa6 Nxa6 13. Qc4 Qc8 14. b3 Qb7 15. Bd2 Rac8 16. Qd3 Nb8 17. Rfe1 Qa6 18. Qxa6 Nxa6 19.
Rac1 Nd5 20. a4 Rxc1 21. Rxc1 f6 22. Kf1 Rd8 23. Ke2 Kf8 24. Rc4 Ke7 25. Kd3 Kd7 26. h4 Rb8 27. Kc2 h5 28.
Ne1 Nac7 29. Nd3 Ne8 30. Bf4 Rd8 31. Bh2 g6 32. Nb4 Nxb4+ 33. Rxb4 Kc6 34. Rc4+ Kb7 35. Bf4 Rd7 36. f3 Ng7 37. Kc3 1/2-1/2

[Event "Goteborg Open 2018"]
[Site "Molnlycke kulturhus, Biblioteksgatan 2, Molnlycke, Sweden"]
[Date "2018.08.18"]
[Round "5.2"]
[White "Vypkhaniuk, Ihor"]
[Black "Rydstrom, Tom"]
[Result "1/2-1/2"]
[TimeControl "15 minutes + 5 seconds per move from move one (Round 1 - 4) / 90 minutes + 30 seconds per move from move one (Round 5 - 8)"]
[WhiteTitle "FM"]
[BlackTitle "FM"]
[WhiteFideId "14112256"]
[BlackFideId "1714830"]
[WhiteElo "2357"]
[BlackElo "2316"]

1. c4 e5 2. g3 Nf6 3. Bg2 d5 4. cxd5 Nxd5 5. Nf3 Nc6 6. O-O Be7 7. d4 exd4 8. Nxd4 Nxd4 9. Qxd4 Nf6 10.
Qa4+ c6 11. Nc3 O-O 12. e4 Be6 13. h3 Nd7 14. Qc2 a5 15. Bf4 Qc8 16. Ne2 Nc5 17. Nd4 Rd8 18. Be3 g6 19. Kh2 Bd7 20.
Nf5 Bxf5 21. Bxc5 Bxc5 22. Qxc5 1/2-1/2

[Event "Goteborg Open 2018"]
[Site "Molnlycke kulturhus, Biblioteksgatan 2, Molnlycke, Sweden"]
[Date "2018.08.18"]
[Round "5.3"]
[White "Bengtsson, Jessica"]
[Black "Maddens, Martijn"]
[Result "0-1"]
[TimeControl "15 minutes + 5 seconds per move from move one (Round 1 - 4) / 90 minutes + 30 seconds per move from move one (Round 5 - 8)"]
[BlackTitle "CM"]
[WhiteFideId "1711083"]
[BlackFideId "206962"]
[WhiteElo "1978"]
[BlackElo "2141"]

1. e4 c5 2. c3 Nf6 3. e5 Nd5 4. d4 cxd4 5. Nf3 d6 6. cxd4 e6 7. Bc4 Nc6 8. O-O Be7 9. Bd2 O-O 10.
Nc3 Ncb4 11. Qe2 b6 12. Ne4 dxe5 13. dxe5 Bb7 14. Rfd1 Rc8 15. a3 Nc6 16. Bd3 h6 17. Ng3 Qd7 18.
Qe4 f5 19. exf6 Nxf6 20. Qe2 Nd5 21. Nh5 Kh8 22. Qe4 Rf5 23. g4 g6 24. gxf5 exf5 25. Qe1 gxh5 26. Bc3+ Bf6 27. Bxf6+ Nxf6 28.
Nh4 Qg7+ 29. Ng2 Nd4 30. Qf1 Rg8 31. f3 Nxf3+ 32. Kh1 Nh4 0-1

[Event "Goteborg Open 2018"]
[Site "Molnlycke kulturhus, Biblioteksgatan 2, Molnlycke, Sweden"]
[Date "2018.08.18"]
[Round "5.4"]
[White "Petersson, Baldur Teodor"]
[Black "Nilsson, Eskil"]
[Result "1-0"]
[TimeControl "15 minutes + 5 seconds per move from move one (Round 1 - 4) / 90 minutes + 30 seconds per move from move one (Round 5 - 8)"]
[WhiteTitle "CM"]
[WhiteFideId "2309157"]
[BlackFideId "1716220"]
[WhiteElo "2138"]
[BlackElo "1928"]

1. e4 c5 2. Nc3 Nc6 3. g3 g6 4. Bg2 Bg7 5. d3 Rb8 6. f4 d6 7. Nf3 Nd4 8. h3 e6 9. O-O Ne7 10.
Ne2 Nec6 11. c3 Nxf3+ 12. Bxf3 O-O 13. Be3 f5 14. exf5 gxf5 15. d4 cxd4 16. Nxd4 d5 17. Rf2 Rf7 18.
Rd2 Nxd4 19. Bxd4 b5 20. a4 a6 21. axb5 Bxd4+ 22. Rxd4 axb5 23. Qe2 Qc7 24. Kh2 Qd6 25. Rb4 Rfb7 26.
Qe3 Qb6 27. Qxb6 Rxb6 28. Kg2 Kf7 29. Ra7+ R6b7 30. Rxb5 Kf6 31. Rbxb7 Bxb7 32. b4 e5 33. fxe5+ Kxe5 34. Kf2 h6 35.
Ke3 Bc6 36. Re7+ Kf6 37. Rh7 Kg6 38. Rc7 d4+ 39. cxd4 Bxf3 40. Kxf3 Rxb4 41. Rd7 Kf6 42. Kf4 Ke6 43. Rd8 Ke7 44.
Rd5 Kf6 45. Rd6+ Kg7 46. Kxf5 Rb3 47. Rd7+ Kg8 48. Kf4 h5 49. h4 Rd3 50. Rd5 Kg7 51. Rxh5 Rxd4+ 52. Kf3 Rd3+ 53. Kg4 Kg6 54.
Rg5+ Kf6 55. Kh5 Rd8 56. Rg6+ Kf5 57. g4+ Kf4 58. Rf6+ Ke5 59. g5 Rd4 60. Rf1 Ke6 61. g6 1-0